 Dungeon Crawl Stone Soup version 0.21.1-1-g345015f (webtiles) character file.

479 microfolk the Ruffian (level 6, -8/47 HPs)
             Began as a Draconian Transmuter on May 3, 2018.
             Killed from afar by Ijyb (13 damage)
             ... with a wand of acid (8)
             ... on level 4 of the Dungeon.
             The game lasted 00:12:51 (5605 turns).

microfolk the Ruffian (Draconian Transmuter)        Turns: 5605, Time: 00:12:52

Health: -8/47      AC:  2    Str: 12    XL:     6   Next: 86%
Magic:  5/10       EV: 21    Int: 16    God:
Gold:   157        SH:  0    Dex: 16    Spells: 1/11 levels left

rFire    . . .     SeeInvis .     - Unarmed
rCold    . . .     Gourm    .   (shield currently unavailable)
rNeg     . . .     Faith    .   (armour unavailable)
rPois    x         Spirit   .   (helmet currently unavailable)
rElec    .         Reflect  .   (cloak currently unavailable)
rCorr    .         Harm     .   (gloves currently unavailable)
MR       .....                  (boots currently unavailable)
Stlth    +.........             (no amulet)
HPRegen  0.15/turn              (no ring)
MPRegen  0.12/turn              (no ring)

@: spider-form (expiring), very slightly contaminated
A: tiny, unfitting armour, AC +6
a: End Transformation


You were on level 4 of the Dungeon.
You were very hungry.
You were a venomous arachnid creature.
You visited 1 branch of the dungeon, and saw 4 of its levels.

You collected 157 gold pieces.

Inventory:

Hand Weapons
 l - a +1 hunting sling
Missiles
 a - 16 arrows
 h - 159 stones (quivered)
 t - a throwing net
Armour
 f - a +1 pair of gloves (melded)
 z - a +0 pair of boots (melded)
Jewellery
 j - an uncursed ring of stealth {unknown}
 q - an uncursed ring of poison resistance {unknown}
 r - an uncursed ring of magical power {unknown}
 y - an uncursed amulet of harm {unknown}
Scrolls
 d - a scroll of remove curse {unknown}
 i - a scroll of enchant armour
 p - a scroll of amnesia {unknown}
 s - 2 scrolls of enchant weapon
 u - 2 scrolls of blinking {unknown}
 x - 5 scrolls of teleportation {unknown}
 A - a scroll of fog {unknown}
Potions
 e - 3 potions of curing
 g - 3 potions of flight
 k - a potion of berserk rage
 m - a potion of haste
 n - a potion of lignification {unknown}
 o - 3 potions of brilliance
 v - a potion of might {unknown}
 w - a potion of agility {unknown}
Books
 b - a book of Changes

   Spells                             Type                      Level
   a - Beastly Appendage              Transmutation                1
   b - Sticks to Snakes               Transmutation                2
   c - Spider Form                    Transmutation/Poison         3
   d - Ice Form                       Ice/Transmutation            4
   e - Blade Hands                    Transmutation                5
Comestibles
 c - 10 rations


   Skills:
 + Level 1.1 Fighting
 + Level 3.4 Dodging
 + Level 4.5 Unarmed Combat
 - Level 3.0 Spellcasting
 + Level 3.8 Transmutations
 - Level 3.0 Poison Magic


You had one spell level left.
You knew the following spells:

 Your Spells              Type           Power        Failure   Level  Hunger
a - Beastly Appendage     Tmut           ##....       12%         1    #......
b - Sticks to Snakes      Tmut           ##......     17%         2    ##.....
c - Spider Form           Tmut/Pois      ##........   32%         3    ###....
d - Ice Form              Ice/Tmut       #.......     82%         4    #####..


Dungeon Overview and Level Annotations

Branches:
Dungeon (4/15)
 Temple: D:4-7

Altars:
Okawaru
Ru
Wu Jian

Annotations:
D:2 exclusion: downstairs
D:4 Ijyb


Innate Abilities, Weirdness & Mutations

((Your plain brown scales are hard. (AC +6)))
You cannot fit into any form of body armour.
((You are cold-blooded and may be slowed by cold attacks.))


Message History

You hit Ijyb but do no damage.
Ijyb is lightly wounded.
Ijyb zaps a wand.
The bolt of acid hits you!
You are splashed with acid!
The acid burns!
* * * LOW HITPOINT WARNING * * *
Your ball python bites Ijyb but does no damage.
Your ball python grabs Ijyb.
Your ball python constricts Ijyb.
You swap places.
Your transformation is almost over.
Ijyb misses you.
Your ball python bites Ijyb but does no damage.
Your ball python constricts Ijyb.
Your ball python bites Ijyb but does no damage.
Your ball python constricts Ijyb.
Ijyb struggles to escape constriction.
Your ball python bites Ijyb but does no damage.
Your ball python constricts Ijyb.
Ijyb zaps a wand.
The bolt of acid misses you.
Your ball python bites Ijyb.
Your ball python constricts Ijyb.
Ijyb zaps a wand.
The bolt of acid hits you!
You die...

#.#.....
#.#...
##.#.##
#.....#
#..#..#
#..#..#
#..#.#..
#..##########
#S...s.......
#g###########
#.# #.# #<#
###


You could see Ijyb and a friendly ball python.

Vanquished Creatures
  A phantom (D:4)
  A howler monkey (D:4)
  A hound (D:4)
  An orc priest (D:3)
  An orc wizard (D:3)
  A worker ant (D:4)
  6 adders
  2 shadow imps (D:3)
  An ooze (D:4)
  A worm (D:3)
  4 dart slugs
  A leopard gecko (D:3)
  10 orcs
  A ball python (D:4)
  2 giant cockroaches
  6 goblins
  7 hobgoblins
  3 jackals (D:3)
  5 kobolds
  4 quokkas
  8 bats
  3 frilled lizards
  5 rats
75 creatures vanquished.

Vanquished Creatures (collateral kills)
  Edmund (D:4)
  An orc wizard (D:4)
  A worm (D:2)
  An orc (D:3)
4 creatures vanquished.

Grand Total: 79 creatures vanquished

Notes
Turn   | Place    | Note
-------+----------+-------------------------------------------
     0 | D:1      | microfolk the Draconian Transmuter began the quest for the Orb.
     0 | D:1      | Reached XP level 1. HP: 16/16 MP: 3/3
   820 | D:1      | Reached XP level 2. HP: 23/23 MP: 3/5
   824 | D:1      | Learned a level 2 spell: Sticks to Snakes
  1631 | D:2      | Found a faded altar of an unknown god.
  1779 | D:2      | Reached XP level 3. HP: 25/28 MP: 6/6
  1784 | D:2      | Learned a level 3 spell: Spider Form
  2291 | D:2      | Found an ornate altar of the Wu Jian Council.
  2291 | D:2      | Found an iron altar of Okawaru.
  2577 | D:3      | Reached XP level 4. HP: 35/35 MP: 7/7
  3233 | D:3      | Reached XP level 5. HP: 35/40 MP: 7/9
  3246 | D:3      | Learned a level 4 spell: Ice Form
  4022 | D:4      | Found a sacrificial altar of Ru.
  4043 | D:4      | Reached skill level 4 in Unarmed Combat
  4043 | D:4      | Reached skill level 1 in Poison Magic
  4523 | D:4      | Noticed Edmund
  4547 | D:4      | Killed Edmund
  4547 | D:4      | Reached XP level 6. HP: 12/47 MP: 1/10
  5586 | D:4      | Noticed Ijyb
  5605 | D:4      | Killed from afar by Ijyb

Skill      XL: |  1  2  3  4  5  6 |
---------------+-------------------+-----
Dodging        | 2 3 |  3.4
Transmutations | 3 |  3.8
Spellcasting   | 3 |  3.0
Unarmed Combat | 4 |  4.5
Poison Magic   | 2 3 |  3.0
Fighting       | |  1.1

Action                   |  1- 3 |  4- 6 || total
-------------------------+-------+-------++-------
Melee: Unarmed           |   118 |   210 ||   328
       Kick              |    14 |     9 ||    23
       Headbutt          |     9 |     4 ||    13
       Tailslap          |     7 |    21 ||    28
       Punch             |       |     9 ||     9
Throw: Stone             |     3 |     7 ||    10
 Cast: Beastly Appendage |    27 |    27 ||    54
       Sticks to Snakes  |     3 |    13 ||    16
       Spider Form       |       |     3 ||     3
  Use: Scroll            |     4 |     4 ||     8
 Stab: Paralysed         |       |     4 ||     4
  Eat: Chunk             |     6 |    10 ||    16
Armor: Skin              |    31 |    57 ||    88
Dodge: Dodged            |    70 |   133 ||   203
